And, neutral male human Tourist ---------- # #....)....| ----------- ####|*.......| |.*..|.....# * 0 ###.........| |....|....|###0#################### # ### .....(...| ----- |.<..|....-######## *-.----------#0 -.--- # |........| |....[*######-....-.....#####0###0 |).......F.|# ##....|### ---------- |.(.|##* |....|....|###########..`.........# # ....|# |.>.-### |....|....|# # |...........### |.^.|# ----- #### -----------# ##.........f.|####-....# ################### |.......e... * ----- ###00#####################.*.....'@..|** ------------ And the Excursionist Experience level: 7 Strength: 13 Dexterity: 12 Constitution: 14 Intelligence: 12 Wisdom: 3 Charisma: 16 Health: 0(44) Energy: 27(27) AC: 2 Gold: 1041 Moves: 6899 Your Inventory: Coins $ - 1041 gold pieces Weapons r - an uncursed [+0] silver saber t - 3 uncursed [+0] crude daggers [orcish] (wielded) Armor d - an uncursed +0 pair of leather gloves (being worn) j - an uncursed +0 Hawaiian shirt (being worn) o - an uncursed +0 banded mail (being worn) p - an uncursed +0 scale mail w - an uncursed +0 mummy wrapping (being worn) A - an uncursed +0 iron skull cap [orcish helm] (being worn) E - a [cursed +0] striped shirt Comestibles c - an uncursed tripe ration Scrolls i - 3 uncursed scrolls of magic mapping C - an uncursed scroll labeled PHOL ENDE WODAN [of confuse monster] G - a [cursed] scroll labeled SODALG [of enchant weapon] Potions h - 3 uncursed potions of extra healing n - a cursed silver potion [of object detection] D - an uncursed clear potion [of water] I - an [uncursed] black potion [of levitation] Rings F - a [cursed] jade ring [of levitation] Wands q - an uncursed wand of digging [0:5] Tools k - an uncursed expensive camera (0:59) l - an uncursed credit card Spells known in the end: Name Level Category Fail Memory Your skills at the end: Fighting Skills Weapon Skills dart [Basic / Expert] Spellcasting Skills Final Attributes: You were piously aligned. Hunger level was 305. Your alignment was 38 / 44. Monster difficulty range was 0 - 5. Level difficulty was 4. You were telepathic. You aggravated monsters. Your luck was zero. You are dead. Vanquished creatures: a ghost 2 small mimics 3 leprechauns an imp 2 Uruk-hai an orc shaman 2 rock moles a pony 3 shriekers a gnome lord a kobold mummy an elf zombie 2 little dogs 2 floating eyes a kitten a homunculus a kobold lord 7 rothes 4 giant bats a monkey a wererat 4 iguanas 2 acid blobs a gas spore 2 hobgoblins 5 giant rats 4 cave spiders 3 yellow molds 2 green molds a red mold 2 gnomes 2 gnome zombies 9 geckos 8 jackals 3 foxes 3 kobolds 3 goblins a sewer rat 9 grid bugs 2 bats 6 lichens 4 kobold zombies 9 newts 124 creatures vanquished. Voluntary challenges: You used a wielded weapon 26 times. You read items or engraved 144 times. You put on armor 7 times. You never genocided any monsters. You never polymorphed an object. You never changed form. You used no wishes. You wrote Elbereth's name 93 times. You encountered 1 bones level. You never used any Sokoban shortcuts. Dungeon overview: The Dungeons of Doom: levels 1 to 4 Level 1 some sinks a long staircase Level 2 a general store, some altars to The Lady stairs to The Gnomish Mines Level 4 <- You were here The Gnomish Mines: Level 3 stairs to The Dungeons of Doom History has recorded: On T:1 you entered the Dungeons of Doom to retrieve the Amulet of Yendor! On T:42 you reached level 2 of The Dungeons of Doom. On T:600 you reached level 3 of The Dungeons of Doom. On T:1180 you advanced to experience level 2. On T:1266 you reached level 1 of The Gnomish Mines. On T:1646 you advanced to experience level 3. On T:2613 you advanced to experience level 4. On T:2885 you advanced to experience level 5. On T:3630 you advanced to experience level 6. On T:4696 you reached level 4 of The Dungeons of Doom. On T:5660 you advanced to experience level 7. Latest messages: [HP+1=22] [2 turns] (2x) [HP+1=23] You miss the floating eye. You are frozen by the floating eye's gaze! The large cat bites the floating eye. The large cat is frozen by the floating eye's gaze! [HP+1=24] The straw golem just misses! The straw golem hits! (2x) The straw golem just misses! [HP-2=22] The straw golem hits! (2x) [HP-3=19] The straw golem hits! (2x) [HP-3=16] The straw golem hits! (4x) [HP-4=12] The straw golem misses. The straw golem hits! [HP-1=11] The straw golem hits! (2x) [HP-4=7] The straw golem hits! (4x) You die... Final status: Aloha And the Tourist... You died in The Dungeons of Doom on dungeon level 4 with 2370 points, and 1041 pieces of gold, after 6899 moves. You were level 7 with a maximum of 44 hit points when you died.